 Dungeon Crawl Stone Soup version 0.27.1-34-g3ba077fa99 (webtiles) character file.

Game seed: 4641703038772457406

30 cbfl8 the Sneak (level 3, -11/33 HPs)
             Began as a Minotaur Delver on Jan 23, 2022.
             Killed by divine providence
             ... invoked by an orc priest
              (13 damage)
             ... on level 4 of the Dungeon.
             The game lasted 00:00:28 (267 turns).

cbfl8 the Sneak (Minotaur Delver)                    Turns: 267, Time: 00:00:28

Health: -11/33     AC:  6    Str: 16    XL:     3   Next: 3%
Magic:  2/2        EV:  9    Int:  8    God:
Gold:   0          SH:  3    Dex: 11    Spells: 2/2 levels left

rFire    . . .     SeeInvis .   a - +0 hand axe
rCold    . . .     Faith    .   i - +0 buckler
rNeg     . . .     Spirit   .   h - +0 scale mail
rPois    .         Reflect  .   (helmet restricted)
rElec    .         Harm     .   (no cloak)
rCorr    .         Rampage  .   (no gloves)
Will     .....                  (no boots)
Stlth    +.........             (no amulet)
HPRegen  0.11/turn              (no ring)
MPRegen  0.08/turn              (no ring)

@: no status effects
A: horns 2, retaliatory headbutt
a: no special abilities


You were on level 4 of the Dungeon.
You visited 1 branch of the dungeon, and saw 2 of its levels.

Inventory:

Hand Weapons
 a - a +0 hand axe (weapon)
Armour
 b - a +0 leather armour
 h - a +0 scale mail (worn)
 i - a +0 buckler (worn)
Wands
 g - a wand of digging (3)
Scrolls
 c - a scroll of fog
 d - a scroll of magic mapping
 e - a scroll of fear
Potions
 f - a potion of haste


   Skills:
 + Level 3.9 Fighting
 + Level 2.5 Axes
 + Level 0.4 Armour
 + Level 2.3 Dodging
 + Level 4.7 Stealth


You had 2 spell levels left.
You didn't know any spells.
Your spell library was empty.

Dungeon Overview and Level Annotations

Branches:
Dungeon (5/15)
 Temple: D:4-7

Altars:


Innate Abilities, Weirdness & Mutations

You have a pair of horns on your head.
You reflexively headbutt those who attack you in melee.


Message History

Your experience leads to an increase in your attributes!
Increase (S)trength, (I)ntelligence, or (D)exterity?
You feel clever.
You start resting.
HP restored.
You see here a +0 ring mail.
You open the door.
A ball python comes into view.
You start putting on your armour.
You continue putting on your +0 buckler.
The ball python hisses angrily.
You continue putting on your +0 buckler. x3
You finish putting on your +0 buckler.
The ball python bites you but does no damage.
You block the ball python's attack.
You closely miss the ball python. The ball python bites you.
The ball python grabs you. The ball python constricts you.
You hit the ball python but do no damage.
The ball python bites you but does no damage.
The ball python constricts you.
You hit the ball python.
You kill the ball python!
An orc priest comes into view. It is wielding a +0 falchion.
There is an open door here.
The orc priest shouts!
The orc priest looks braver for a moment.
There is an open door here.
You close the door.
Something unseen opens the door.
The orc priest calls down the wrath of Beogh upon you.
Pain shoots through your body!
The orc priest calls down the wrath of Beogh upon you.
Beogh smites you!
The orc priest invokes the aid of Beogh against you.
Beogh smites you!
* * * LOW HITPOINT WARNING * * *
The orc priest looks braver for a moment.
The orc priest calls down the wrath of Beogh upon you.
Beogh smites you!
You die...

#################.
#.o...o...........
#.################
#.# #.# #.# #.#
#.# #@# #.# #.#
#.# #.# #.# #.#
#.#


You could see an orc priest.

Vanquished Creatures
  A hound (D:4)
  A ball python (D:4)
2 creatures vanquished.

Notes
Turn   | Place    | Note
-------+----------+-------------------------------------------
     0 | D:5      | cbfl8 the Minotaur Delver began the quest for the Orb.
     0 | D:5      | Reached XP level 1. HP: 19/19 MP: 0/0
    36 | D:5      | Noticed a hound
    40 | D:5      | Noticed a scorpion
    50 | D:4      | Killed a hound
    51 | D:4      | Reached XP level 2. HP: 12/27 MP: 1/1
    51 | D:4      | Reached XP level 3. HP: 15/33 MP: 2/2
   267 | D:4      | Killed from afar by an orc priest

Illustrated notes

Levels and vault maps discovered:
D:4:      layout_basic, kennysheep_mini_moat, minmay_temple_entry_proselytizer,
          uniq_ijyb, uniq_crazy_yiuf_cottage
D:5:      layout_cave_pools, chequers_big_river, roderic_roman_lattice

Action                   || total
-------------------------++-------
Melee: Hand axe          ||     6
Armor: Scale mail        ||     7
Dodge: Dodged            ||     4
Block: Buckler           ||     1
